 Dungeon Crawl Stone Soup version 0.22-a0-558-gc224181 (webtiles) character file.

925 Hebeh the Chopper (level 7, 0/63 HPs)
             Began as a Minotaur Fighter on June 27, 2018.
             Was a Believer of Trog.
             Killed by divine providence
             ... invoked by an orc priest
              (15 damage)
             ... on level 5 of the Dungeon.
             The game lasted 00:13:59 (3713 turns).

Hebeh the Chopper (Minotaur Fighter)                Turns: 3713, Time: 00:14:00

Health: 0/63       AC:  7    Str: 27    XL:     7   Next: 84%
Magic:  6/6        EV:  8    Int:  5    God:    Trog [**....]
Gold:   222        SH: 10    Dex:  9    Spells: 6/6 levels left

rFire    . . .     SeeInvis .   a - +0 war axe
rCold    . . .     Gourm    .   c - +0 shield
rNeg     . . .     Faith    .   b - +0 scale mail
rPois    +         Spirit   .   (helmet restricted)
rElec    .         Reflect  .   (no cloak)
rCorr    .         Harm     .   (no gloves)
MR       .....                  (no boots)
Stlth    ..........             (no amulet)
HPRegen  0.20/turn              e - ring of poison resistance
MPRegen  0.10/turn              k - +4 ring of strength

@: no status effects
A: retaliatory headbutt, horns 2
a: Berserk, Trog's Hand, Renounce Religion


You were on level 5 of the Dungeon.
You worshipped Trog.
Trog was pleased with you.
You were not hungry.

You visited 1 branch of the dungeon, and saw 5 of its levels.
You also visited: Sewer.

You collected 222 gold pieces.

Inventory:

Hand Weapons
 a - a +0 war axe (weapon)
 w - a +0 hand axe of venom
Armour
 b - a +0 scale mail (worn)
 c - a +0 shield (worn)
Jewellery
 e - a ring of poison resistance (left hand)
 k - a +4 ring of strength (right hand)
Wands
 j - a wand of paralysis (15)
 q - a wand of flame (23)
 y - a wand of iceblast (10)
Scrolls
 g - 2 scrolls of random uselessness {unknown}
 i - a scroll of enchant armour {unknown}
 l - 2 scrolls of amnesia {unknown}
 n - 2 scrolls of identify {unknown}
 o - a scroll of teleportation {unknown}
 p - a scroll of remove curse {unknown}
 r - a scroll of fog {unknown}
 t - a scroll of enchant weapon {unknown}
 v - a scroll of blinking {unknown}
Potions
 d - a potion of might
 h - a potion of degeneration {unknown}
 m - 2 potions of brilliance {unknown}
 s - 2 potions of haste {unknown}
 x - 3 potions of heal wounds {unknown}
 z - a potion of agility {unknown}
 A - a potion of mutation {unknown}
Comestibles
 f - 12 rations
 u - 2 chunks of flesh


   Skills:
 + Level 6.0 Fighting
 * Level 7.2 Axes
 + Level 6.0 Armour
 + Level 6.0 Shields


You had 6 spell levels left.
You didn't know any spells.
Your spell library was empty.

Dungeon Overview and Level Annotations

Branches:
Dungeon (5/15)             Temple (0/1) D:4

Altars:
Fedhas
Ru
Trog
Vehumet
Yredelemnul


Innate Abilities, Weirdness & Mutations

You reflexively headbutt those who attack you in melee.
You have a pair of horns on your head.


Message History

You miss something. Your headbutt misses something.
You hear some strange, mumbled words.
A puff of flame appears from out of thin air!
The puff of flame hits you!
You slash something! Your headbutt misses something.
Something hits you but does no damage. x2
You barely miss something.
Something hits you but does no damage. x2
You hear some strange, mumbled words.
A puff of flame appears from out of thin air!
The puff of flame hits you!
The orc priest calls down the wrath of Beogh upon you.
Beogh smites you!
* * * LOW HITPOINT WARNING * * *
You hear a shout!
A magic dart appears from out of thin air!
The magic dart hits you!
* * * LOW HITPOINT WARNING * * *
The orc priest mumbles some strange prayers to Beogh against you.
Beogh smites you!
You die...

#.#####.# ........#
#.#####.####### ........#
#.>............ ........#
...##.#.###### ........#
.#.##.#....# ........#
.#.##.#.##.# ........# .
...##.#..#.# ..Z.....# ...
...##.#..#.##############o##.....
...........>.)).@....o.o.........
..###.####.###############.###.##
### #..........# .# ##.........#
o. #.........# ...
######.........# o..#
......###...#### O..# ......#
##### ...# ......#


You could see an orc priest and an orc.

Vanquished Creatures
  Sigmund (D:2)
  Purgy (Sewer)
  A sky beast (D:5)
  A bullfrog (D:2)
  A centaur zombie (D:5)
  3 jellies (D:3)
  A hound (D:5)
  An orc wizard (D:5)
  A bullfrog skeleton (D:5)
  4 worker ants (D:4)
  5 adders
  2 river rats (D:5)
  7 oozes (D:3)
  2 dart slugs (D:2)
  A worm (D:2)
  2 leopard geckos
  16 orcs
  8 bats
  9 giant cockroaches
  5 goblins
  2 hobgoblins (D:2)
  2 jackals (D:4)
  21 kobolds
  2 quokkas
  3 frilled lizards (D:2)
  9 rats
111 creatures vanquished.

Vanquished Creatures (others)
  5 fungi (D:3)
  6 toadstools (D:3)
11 creatures vanquished.

Grand Total: 122 creatures vanquished

Notes
Turn   | Place    | Note
-------+----------+-------------------------------------------
     0 | D:1      | Hebeh the Minotaur Fighter began the quest for the Orb.
     0 | D:1      | Reached XP level 1. HP: 19/19 MP: 0/0
   195 | D:1      | Reached XP level 2. HP: 27/27 MP: 1/1
   242 | D:1      | Reached skill level 3 in Axes
   901 | D:2      | Found a basalt altar of Yredelemnul.
  1005 | D:2      | Reached XP level 3. HP: 33/33 MP: 2/2
  1082 | D:2      | Noticed a bullfrog
  1092 | D:2      | Killed a bullfrog
  1092 | D:2      | Reached skill level 4 in Axes
  1092 | D:2      | Reached XP level 4. HP: 27/40 MP: 3/3
  1126 | D:2      | Noticed Sigmund
  1155 | D:2      | Killed Sigmund
  1155 | D:2      | Reached skill level 5 in Axes
  1155 | D:2      | Reached XP level 5. HP: 7/47 MP: 4/4
  1155 | D:2      | Reached XP level 6. HP: 8/55 MP: 5/5
  1822 | D:3      | Found a radiant altar of Vehumet.
  1822 | D:3      | Found a blossoming altar of Fedhas.
  1823 | D:3      | Found a bloodstained altar of Trog.
  1833 | D:3      | Found a sacrificial altar of Ru.
  1844 | D:3      | Became a worshipper of Trog the Wrathful
  2202 | D:3      | Reached skill level 5 in Armour
  2211 | D:3      | Reached skill level 5 in Shields
  2214 | D:3      | Reached skill level 5 in Fighting
  2247 | D:3      | Reached * piety under Trog
  2526 | D:4      | Reached skill level 6 in Axes
  2587 | D:4      | Reached XP level 7. HP: 61/61 MP: 6/6
  2609 | D:4      | Found a staircase to the Ecumenical Temple.
  3272 | D:5      | Entered Level 5 of the Dungeon
  3277 | D:5      | Found a glowing drain.
  3303 | Sewer    | Entered a sewer
  3325 | Sewer    | Noticed Purgy
  3327 | Sewer    | Killed Purgy
  3629 | D:5      | Reached skill level 7 in Axes
  3698 | D:5      | Reached ** piety under Trog
  3713 | D:5      | Killed from afar by an orc priest

Vault maps used:
D:1:      sevenhm_arrival_forest_fort_small_5, grunt_decor_cap
D:2:      yredelemnul_altar_generic, uniq_sigmund
D:3:      cheibrodos_fertilizer, nicolae_overflow_quartered_altars
D:4:      temple_green, st_stairs_10, minmay_crystal_water
D:5:      grunt_temple_overflow_opulence, first_ration, portal_sewer_entry_b
Sewer:    kennysheep_door_sewer

Skill      XL: |  1  2  3  4  5  6  7 |
---------------+----------------------+-----
Axes           | 3 4 5 6 7 |  7.2
Armour         | 4 5 6 |  6.0
Shields        | 4 5 6 |  6.0
Fighting       | 4 5 6 |  6.0

Action                   |  1- 3 |  4- 6 |  7- 9 || total
-------------------------+-------+-------+-------++-------
Melee: War axe           |    55 |   121 |    77 ||   253
       Headbutt          |     5 |    28 |    13 ||    46
  Eat: Chunk             |     1 |     5 |     3 ||     9
Armor: Scale mail        |    25 |    36 |    35 ||    96
Dodge: Dodged            |    21 |    35 |    17 ||    73
Block: Shield            |    28 |    76 |    33 ||   137

Table legend:
 A = Spawn XP
 B = Non-spawn XP
 C = Spawn XP percentage of total XP
 D = Spawn monster count
 E = Non-spawn monster count
 F = Spawn count percentage of total count
 G = Total turns spent on level
                    A         B        C        D         E        F      G
               +---------+---------+-------+---------+---------+-------+---------
         Total |       0 |    1322 |   0.0 |       0 |     111 |   0.0 |  3713
               +---------+---------+-------+---------+---------+-------+---------
           D:1 |       0 |      23 |   0.0 |       0 |      12 |   0.0 |   851
           D:2 |       0 |     378 |   0.0 |       0 |      26 |   0.0 |   709
           D:3 |       0 |     236 |   0.0 |       0 |      33 |   0.0 |   919
           D:4 |       0 |     180 |   0.0 |       0 |      14 |   0.0 |   793
           D:5 |       0 |     363 |   0.0 |       0 |      20 |   0.0 |   296
         Sewer |       0 |     142 |   0.0 |       0 |       6 |   0.0 |   145
               +---------+---------+-------+---------+---------+-------+---------
